Map: Catalyst LE

Players

hinO - Winner!

  • Race: Zerg Zerg
  • Spawn Location: 5:00

HeltEn

  • Race: Terran Terran
  • Spawn Location: 11:00

Event: WCS Leipzig 2018

VOD

Have the link to the VOD?

Description

Time

  • Played on: Jan. 26, 2018, 6:34 a.m.
  • Length: 16:29

All games in this series

Show
View Real Time Build Order
Export as new Build Order

hinO Zerg - Winner!

Build Orders: Pool First, Muta Ling Bane 

Get SALT Encoding   

  12  0:00  Drone  
  13  0:08  Drone  
  14  0:18  Overlord  
  14  0:24  Drone, Extractor  
  15  0:36  Drone x2  
  17  0:45  Spawning Pool  
  17  0:48  Drone  
  17  1:10  Hatchery  
  16  1:16  Overlord  
  16  1:27  Extractor  
  16  1:31  Zergling x6  
  18  1:37  Queen  
  20  1:42  Drone  
  21  1:53  Drone  
  22  2:04  Drone  
  23  2:16  Drone  
  23  2:22  Queen  
  26  2:23  Drone  
  26  2:27  Metabolic Boost  
  27  2:35  Drone x2  
  27  2:36  Drone  
  30  2:43  Drone  
  30  2:53  Drone  
  30  2:54  Drone  
  30  2:56  Hatchery  
  30  2:58  Zergling x2  
  30  3:00  Zergling x2  
  30  3:02  Zergling x2  
  32  3:09  Overlord  
  32  3:10  Drone  
  33  3:15  Zergling x2  
  33  3:18  Drone  
  35  3:26  Zergling x2  
  36  3:29  Zergling x6  
  39  3:34  Overlord  
  39  3:35  Drone x3  
  42  3:42  Drone  
  42  3:45  Drone  
  43  3:52  Drone  
  44  3:57  Queen  
  44  4:00  Overlord  
  44  4:01  Drone x3  
  49  4:07  Drone x2  
  49  4:08  Queen  
  53  4:11  Overlord  
  53  4:14  Zergling x4  
  54  4:17  Drone x2  
  56  4:25  Roach Warren  
  56  4:26  Drone  
  56  4:33  Queen  
  56  4:34  Drone  
  56  4:38  Extractor  
  58  4:39  Drone  
  58  4:41  Zergling x8  
  58  4:43  Overlord  
  63  4:48  Queen  
  63  4:52  Overlord  
  65  4:57  Spore Crawler  
  65  4:58  Spore Crawler  
  63  5:00  Spore Crawler  
  62  5:08  Spore Crawler  
  62  5:09  Drone, Queen  
  62  5:12  Drone  
  65  5:16  Drone  
  65  5:17  Drone  
  65  5:18  Drone x2  
  65  5:21  Drone x2  
  71  5:23  Drone  
  71  5:26  Drone x2  
  73  5:31  Overlord  
  73  5:33  Overlord  
  73  5:37  Overlord  
  73  5:50  Queen  
  73  5:52  Overlord  
  73  5:53  Drone x2  
  73  5:54  Lair  
  77  5:59  Roach x3  
  77  6:02  Drone x4  
  86  6:04  Drone  
  86  6:08  Overlord  
  86  6:10  Drone x2, Extractor  
  88  6:14  Overlord  
  88  6:15  Drone  
  88  6:18  Drone  
  89  6:19  Drone x2  
  89  6:21  Extractor  
  89  6:22  Extractor  
  89  6:23  Drone, Extractor  
  89  6:33  Drone x3  
  89  6:35  Evolution Chamber  
  89  6:36  Drone x2  
  89  6:37  Evolution Chamber  
  92  6:42  Drone x2  
  93  6:52  Roach x4  
  100  6:54  Drone  
  100  6:56  Spire  
  100  6:57  Drone, Overseer  
  100  6:59  Drone x2  
  100  7:00  Drone x2, Glial Reconstitution  
  105  7:08  Drone  
  106  7:16  Roach x2  
  106  7:17  Roach  
  106  7:19  Zerg Missile Weapons Level 1  
  106  7:21  Hatchery  
  111  7:24  Roach  
  111  7:25  Overlord  
  111  7:26  Overlord  
  111  7:28  Zerg Ground Armor Level 1  
  112  7:33  Overlord x2  
  112  7:43  Overlord x2  
  112  7:46  Drone x2  
  112  7:48  Drone  
  112  7:49  Drone x2  
  112  7:50  Drone  
  112  7:51  Drone x2  
  120  7:54  Drone x3  
  120  7:55  Drone x3  
  120  7:58  Overlord  
  126  8:09  Mutalisk x4  
  132  8:15  Mutalisk x4  
  127  8:23  Mutalisk x5  
  137  8:28  Mutalisk  
  137  8:32  Mutalisk  
  141  8:35  Roach  
  141  8:36  Roach  
  144  8:45  Baneling Nest  
  144  8:46  Drone x2  
  144  8:47  Drone x3  
  148  8:53  Queen  
  148  8:55  Zergling x8  
  154  8:59  Extractor  
  154  9:00  Hatchery, Overseer x2  
  154  9:01  Extractor  
  151  9:03  Drone x3  
  151  9:06  Overlord  
  154  9:13  Zerg Melee Weapons Level 1  
  154  9:17  Infestation Pit  
  154  9:18  Overlord  
  154  9:22  Drone  
  154  9:23  Overlord  
  154  9:28  Mutalisk x3  
  154  9:29  Drone  
  154  9:30  Drone  
  162  9:36  Overlord x2  
  162  9:37  Centrifical Hooks  
  162  9:39  Baneling x10  
  162  9:43  Zergling x8  
  166  9:46  Overlord  
  166  9:47  Zergling x2  
  166  9:48  Zergling x2  
  168  9:53  Zerg Ground Armor Level 2  
  168  9:55  Zergling x2  
  168  9:57  Zergling x4  
  171  10:01  Baneling x6  
  171  10:03  Zergling x4  
  173  10:07  Zergling x6  
  173  10:10  Overlord  
  173  10:13  Mutalisk  
  178  10:16  Zergling x6  
  178  10:19  Mutalisk  
  183  10:22  Zergling x4  
  185  10:29  Baneling x4  
  185  10:31  Hive  
  185  10:32  Zergling x8  
  189  10:36  Baneling x9  
  189  10:37  Baneling  
  189  10:40  Zergling x8  
  193  10:47  Zergling x2  
  193  10:48  Zergling x4  
  196  10:50  Mutalisk x2  
  200  10:59  Baneling  
  200  11:00  Baneling x11  
  194  11:15  Zergling x36  
  196  11:18  Zerg Melee Weapons Level 2  
  196  11:23  Baneling  
  196  11:24  Baneling x10  
  196  11:27  Zergling x6  
  196  11:28  Zergling x4  
  183  11:39  Zergling x2  
  161  11:40  Zergling x6  
  138  11:51  Zergling x16  
  138  11:54  Zergling x8  
  128  11:59  Zergling x2  
  131  12:03  Baneling x5  
  131  12:04  Baneling x3, Zergling x4  
  131  12:05  Zergling x2  
  134  12:10  Mutalisk  
  134  12:12  Ultralisk Cavern  
  134  12:13  Zergling x4  
  134  12:14  Ravager  
  134  12:16  Zergling x2  
  124  12:23  Zergling x12  
  124  12:24  Zergling x8  
  124  12:28  Mutalisk  
  124  12:29  Mutalisk x2  
  123  12:31  Zergling x2  
  123  12:35  Queen  
  120  12:39  Adrenal Glands, Zerg Ground Armor Level 3  
  120  12:40  Zergling x6  
  120  12:42  Overlord  
  120  12:43  Baneling  
  120  12:44  Baneling x14  
  123  12:48  Drone  
  124  12:52  Zergling x4  
  124  12:53  Zergling x4  
  124  12:56  Queen  
  124  12:58  Chitinous Plating  
  130  13:02  Ultralisk  
  136  13:11  Ultralisk  
  142  13:16  Zergling x2  
  142  13:17  Zergling x10  
  142  13:19  Ultralisk  
  154  13:26  Ultralisk  
  160  13:28  Baneling  
  160  13:29  Baneling x2  
  160  13:41  Zerg Melee Weapons Level 3  
  160  13:43  Drone x2  
  160  13:44  Hatchery  
  161  13:49  Ultralisk  
  167  13:56  Ultralisk  
  167  13:57  Overseer  
  167  14:01  Baneling x3  
  173  14:03  Zergling x12  
  179  14:12  Spire  
  179  14:15  Drone x2  
  180  14:21  Ultralisk  
  180  14:23  Extractor  
  180  14:24  Pneumatized Carapace  
  185  14:25  Extractor  
  184  14:37  Ultralisk  
  190  14:43  Ultralisk  
  190  14:44  Zergling x2  
  190  14:45  Zergling x6  
  200  14:47  Baneling x4  
  200  14:56  Baneling x3  
  200  14:57  Baneling x5  
  200  15:04  Baneling  
  200  15:05  Baneling x7  
  200  15:17  Baneling  
  200  15:19  Baneling x13  
  172  15:45  Ultralisk x2, Zergling x2  
  172  15:46  Zergling x34  
  172  15:49  Zergling x26  
  200  15:52  Zergling x6  
  200  15:53  Zergling x2  
  186  16:01  Zergling x2  
  187  16:07  Drone x2  
  187  16:10  Zergling x10  
  187  16:11  Zergling x2  
  195  16:12  Overseer  
  195  16:13  Overseer  
Show
View Real Time Build Order
Export as new Build Order

HeltEn Terran 

Build Orders: Gas First Reaper Expand, Reaper Expand, Hellion Banshee, MMM Bio 

Get SALT Encoding   

  12  0:00  SCV  
  13  0:12  SCV  
  14  0:17  Supply Depot  
  14  0:25  SCV  
  15  0:28  Refinery  
  15  0:39  SCV  
  16  0:44  Barracks  
  16  0:51  SCV  
  17  1:03  SCV  
  18  1:15  SCV  
  19  1:32  Orbital Command, Reaper  
  20  1:44  Command Center  
  20  1:54  Factory  
  20  1:57  SCV  
  21  2:06  Reaper  
  22  2:08  Supply Depot  
  22  2:12  SCV  
  23  2:17  Refinery  
  23  2:30  SCV  
  24  2:38  Hellion  
  24  2:42  SCV  
  26  2:54  Starport  
  26  2:57  Barracks Reactor  
  26  3:01  Hellion  
  26  3:03  SCV  
  29  3:16  SCV, Orbital Command  
  30  3:34  Viking  
  30  3:39  Hellion x2  
  30  3:40  SCV  
  37  3:42  SCV  
  38  3:52  Barracks Tech Lab  
  38  3:53  SCV  
  38  3:54  SCV  
  39  3:59  Supply Depot  
  39  4:00  Hellion x2  
  44  4:17  SCV x2  
  44  4:18  Cloaking Field  
  44  4:20  Banshee  
  44  4:21  Supply Depot  
  48  4:25  Supply Depot  
  48  4:29  SCV  
  49  4:37  Barracks Tech Lab  
  49  4:40  SCV  
  50  4:45  Command Center  
  50  4:48  Barracks  
  50  4:49  SCV  
  50  4:50  Barracks  
  50  4:52  SCV  
  52  4:54  Factory Reactor  
  52  5:01  SCV  
  52  5:02  Marine  
  52  5:03  Banshee  
  52  5:04  Stimpack  
  57  5:09  SCV  
  58  5:21  Marine  
  58  5:25  SCV x2  
  58  5:28  Engineering Bay  
  61  5:30  Engineering Bay  
  61  5:35  Barracks  
  61  5:36  Barracks  
  61  5:37  SCV x2  
  61  5:38  Marine x2  
  61  5:39  Factory Tech Lab  
  65  5:43  Marine  
  65  5:45  Marine x2  
  68  5:50  SCV x2, Refinery  
  68  5:52  Refinery  
  68  5:54  Starport Reactor  
  70  6:02  Marine x2  
  70  6:03  Terran Infantry Weapons Level 1, Terran Infantry Armor Level 1  
  72  6:05  Marine x3  
  75  6:11  Siege Tank  
  75  6:12  SCV x2  
  80  6:20  Orbital Command, Marine  
  80  6:22  Marine  
  80  6:23  Marine x2  
  84  6:25  Barracks Reactor  
  84  6:28  Barracks Tech Lab  
  84  6:29  SCV  
  85  6:41  Supply Depot  
  85  6:42  Supply Depot  
  85  6:51  Orbital Command  
  85  6:55  Supply Depot x2  
  85  7:01  Combat Shields  
  85  7:03  SCV, Medivac x2, Marine x7, Siege Tank  
  85  7:04  SCV  
  101  7:12  Marine  
  102  7:16  SCV  
  102  7:21  Factory  
  103  7:23  Marine x4  
  103  7:24  Marine  
  103  7:25  Marauder x2  
  112  7:30  SCV, Armory  
  112  7:31  SCV  
  114  7:41  Marine x3, Siege Tank  
  114  7:44  SCV x2  
  122  7:47  SCV  
  123  7:59  Marine x2  
  125  8:05  Marine x5  
  125  8:08  SCV x2  
  125  8:09  SCV  
  133  8:23  Refinery x2  
  133  8:36  SCV  
  133  8:40  Missile Turret x2  
  133  8:42  Missile Turret  
  133  8:45  Marine x5, Terran Infantry Weapons Level 2, Terran Infantry Armor Level 2  
  133  8:46  Siege Tank  
  141  9:00  Missile Turret  
  141  9:02  Supply Depot, Marine x3  
  141  9:03  SCV x2, Supply Depot, Siege Tank  
  149  9:19  Supply Depot  
  149  9:20  Supply Depot  
  149  9:23  Marine x4  
  149  9:24  SCV x3  
  156  9:26  Thor  
  162  9:31  Marine x3  
  164  9:40  Thor  
  164  9:45  Supply Depot  
  170  9:47  Supply Depot  
  170  9:49  Marine x3  
  170  9:50  Marine  
  174  10:01  Marine x2  
  175  10:11  Missile Turret x2  
  175  10:12  Marine x3  
  174  10:22  Marine x3  
  174  10:23  Marine  
  174  10:24  Thor  
  174  10:26  Siege Tank  
  182  10:31  Command Center  
  182  10:33  Marine  
  182  10:34  Marine, Marauder  
  186  10:46  Marine  
  186  10:47  Marine x4  
  186  10:48  Medivac x2  
  186  10:49  Missile Turret  
  195  10:55  Marine x3  
  198  11:02  Unknown  
  198  11:04  Marine  
  198  11:07  Marine  
  197  11:15  Marine  
  197  11:16  Marauder x2  
  195  11:22  Marine  
  195  11:23  Marine x3  
  152  11:33  Marine x2  
  152  11:37  Marauder x2  
  114  11:47  Marine x2  
  114  11:49  Medivac x2, Marine  
  114  11:50  Marine, Siege Tank x2  
  114  11:51  Marine  
  125  11:59  Marauder  
  125  12:00  Terran Infantry Weapons Level 3, Terran Infantry Armor Level 3  
  125  12:01  Marine x2  
  128  12:05  Marine  
  128  12:08  Marine x3  
  126  12:23  Marine  
  126  12:25  Medivac x2  
  126  12:27  Marine  
  126  12:29  Marine  
  116  12:30  Marine x3  
  116  12:31  Siege Tank x2  
  116  12:34  Planetary Fortress  
  118  12:41  Marine  
  115  12:45  Barracks  
  115  12:47  Barracks x2  
  115  12:48  Missile Turret  
  115  12:50  Marine x3, Barracks Reactor  
  118  12:53  Concussive Shells  
  118  12:54  Marauder  
  120  12:59  Marauder  
  120  13:01  Marine  
  120  13:02  SCV  
  120  13:03  SCV x2  
  126  13:08  Marine  
  126  13:10  Ghost Academy  
  127  13:14  SCV  
  127  13:15  Marine x2  
  127  13:16  Thor  
  136  13:21  Medivac x2  
  136  13:25  Marine x3  
  136  13:26  Marauder, Missile Turret  
  145  13:29  Marine  
  147  13:35  Barracks Tech Lab x2  
  147  13:36  Barracks Tech Lab  
  147  13:37  Marine x3  
  148  13:42  Moebius Reactor  
  148  13:46  Thor  
  154  13:52  Ghost  
  154  13:53  Marine x2  
  154  13:54  Marine, Ghost x2  
  163  13:56  Marine x3  
  166  14:03  Medivac  
  166  14:04  Medivac  
  166  14:06  Ghost  
  171  14:16  Liberator x2  
  171  14:19  Terran Vehicle And Ship Armor Level 1  
  171  14:20  Starport  
  171  14:22  Fusion Core, Ghost  
  173  14:28  Sensor Tower  
  173  14:30  Ghost x2  
  182  14:40  Ghost  
  182  14:44  Ghost  
  182  14:45  Marine x3  
  189  14:48  Refinery  
  189  14:49  Refinery  
  189  14:59  Ghost  
  189  15:06  Ghost  
  190  15:07  Marine x3  
  190  15:12  Starport Tech Lab  
  190  15:14  Missile Turret x2  
  195  15:15  Starport  
  195  15:16  Missile Turret  
  195  15:21  Command Center  
  195  15:24  Ghost  
  195  15:25  Marine x3  
  107  16:08  Marine x4  
  107  16:09  Marine x3  
Tags
 
Add a new tag
Caveats
  • Supply blocks, unpowered buildings, or Contaminate may cause inaccurate times.
  • Supply counts are checked every 10 seconds.